AoeStats
← andres_sag7

Arabia

505772741Analyzed
2v2 RM · 20d ago on Sep 11, 2026· 76m 5s· 4 players
Game mode
Random Map
Map size
Medium (4 player)
Population
200
Speed
Normal
Resources
Standard
Victory
Conquest
Starting age
Dark Age
Ending age
Imperial Age
RankedLock teamsTeams togetherTeam positionsShared explorationLock speedFull tech treeHidden civsTurbo modeCheats
Victory
Defeat
🇦🇷 Koreans · Argentina
1093
+14
🇦🇷 Burgundians · Argentina
1025
+16
🇨🇴 Berbers · Colombia
1048
-15
🇵🇪 Persians · Peru
1038
-15
hispa_will
5:23 Loom
11:17 Feudal Age
14:09 Double-Bit Axe
22:38 Castle Age
29:22 Bloodlines
29:20 Scale Barding Armor
30:07 Wheelbarrow
30:42 Chain Barding Armor
34:39 Imperial Age
34:25 Pikeman
35:48 Light Cavalry
37:54 Heavy Camel Rider
41:41 Forging
42:04 Kamandaran
42:11 Fletching
43:21 Halberdier
44:56 Iron Casting
45:22 Bodkin Arrow
46:39 Bow Saw
46:35 Crossbowman
48:28 Ballistics
49:17 Thumb Ring
54:33 Chemistry
andres_sag7
2:13 Loom
11:20 Feudal Age
12:16 Double-Bit Axe
15:33 Horse Collar
19:50 Wheelbarrow
20:13 Gold Mining
23:48 Castle Age
22:29 Scale Barding Armor
22:52 Forging
23:54 Bloodlines
24:29 Heavy Plow
24:40 Bow Saw
25:09 Gold Shaft Mining
27:44 Husbandry
32:20 Chain Barding Armor
32:36 Iron Casting
33:24 Hand Cart
33:29 Town Watch
35:51 Town Patrol
38:07 Stone Mining
38:50 Fletching
39:01 Padded Archer Armor
40:24 Fortified Wall
41:26 Bodkin Arrow
41:47 Leather Archer Armor
45:56 Imperial Age
45:05 Ballistics
44:47 Light Cavalry
47:11 Conscription
47:52 Chemistry
46:55 Bracer
47:26 Ring Archer Armor
49:13 Crop Rotation
48:53 Squires
48:15 Man-at-Arms
49:12 Treadmill Crane
49:43 Masonry
49:54 Long Swordsman
50:37 Scale Mail Armor
51:37 Blast Furnace
51:53 Chain Mail Armor
51:00 Two-Handed Swordsman
51:26 Arson
51:32 Elite Skirmisher
52:18 Thumb Ring
52:32 Champion
55:06 Plate Mail Armor
56:38 Plate Barding Armor
57:06 Capped Ram
57:08 Heavy Scorpion
59:02 Hussar
68:02 Pikeman
Carpinchoherido
5:15 Loom
10:17 Feudal Age
11:11 Double-Bit Axe
13:28 Wheelbarrow
15:19 Horse Collar
16:22 Forging
20:55 Castle Age
20:51 Gold Mining
23:56 Scale Barding Armor
24:23 Bow Saw
26:07 Gold Shaft Mining
26:51 Husbandry
28:08 Iron Casting
27:28 Stone Mining
29:34 Chain Barding Armor
31:37 Scale Mail Armor
33:51 Hand Cart
35:33 Gambesons
36:11 Squires
38:57 Imperial Age
38:57 Chain Mail Armor
39:36 Elite Fire Lancer
41:37 Plate Mail Armor
42:48 Two-Man Saw
41:40 Pikeman
42:39 Halberdier
45:55 Ballistics
46:41 Chemistry
57:42 Siphons
57:39 Arson
64:35 Eupseong
70:58 Fletching
Von peludo
6:43 Double-Bit Axe
7:30 Loom
11:46 Feudal Age
10:00 Horse Collar
10:32 Gold Mining
14:46 Bow Saw
17:20 Castle Age
16:43 Forging
19:08 Bow Saw
19:36 Gold Shaft Mining
19:09 Heavy Plow
19:13 Cavalier
19:54 Husbandry
21:01 Stone Mining
22:28 Two-Man Saw
23:59 Crop Rotation
24:18 Stone Shaft Mining
25:06 Wheelbarrow
25:50 Scale Barding Armor
27:02 Iron Casting
29:05 Hand Cart
28:51 Town Watch
29:31 Chain Barding Armor
29:56 Town Patrol
35:14 Imperial Age
38:43 Imperial Age
39:27 Paladin
41:31 Plate Barding Armor
43:14 Pikeman
43:55 Squires
43:54 Halberdier
44:07 Halberdier
44:48 Squires
44:34 Arson
45:52 Blast Furnace
44:53 Scale Mail Armor
56:08 Chain Mail Armor
55:53 Padded Archer Armor
55:44 Fletching
55:21 Elite Skirmisher
63:43 Chemistry
63:03 Ballistics
Connection lost

Rejoining the realm…

Still unreachable

The connection could not be restored.

Session expired

The server has moved on; the page needs a fresh start.